 Dungeon Crawl Stone Soup version 0.29.0-4-gdea44cf6ec (webtiles) character file.

Game seed: 9547816189723276825

49 qw the Chopper (level 3, -12/29 HPs)
             Began as a Barachi Chaos Knight on Sept 4, 2022.
             Killed by divine providence
             ... invoked by an orc priest
              (14 damage)
             ... on level 2 of the Dungeon.
             The game lasted 00:00:50 (1617 turns).

qw the Chopper (Barachi Chaos Knight)               Turns: 1617, Time: 00:00:50

Health: -12/29     AC: 12    Str: 15    XL:     3   Next: 75%
Magic:  3/3        EV:  4    Int: 12    God:
Gold:   34         SH:  0    Dex: 11    Spells: 2/2 levels left

rFire   . . .      SeeInvis .   Y - +0 hand axe (chaos)
rCold   . . .      Faith    .   (no shield)
rNeg    . . .      Spirit   .   d - +0 plate armour
rPois   .          Reflect  .   (no helmet)
rElec   .          Harm     .   h - +0 cloak
rCorr   .          Rampage  .   (no gloves)
Will    .....                   (no boots)
Stlth   ..........              (no amulet)
HPRegen 0.09/turn               (no ring)
MPRegen 0.08/turn               (no ring)

@: slow
A: amphibious, slowness 1, strong legs 1, +LOS
a: Hop


You were on level 2 of the Dungeon.
You visited 1 branch of the dungeon, and saw 2 of its levels.

You collected 34 gold pieces.


Innate Abilities, Weirdness & Mutations

You are amphibious.
You cover ground slowly.
You can hop short distances.
You have an extended range of vision and can be seen from far away.


   Skills:
 - Level 3.6 Fighting
 - Level 5.0 Axes
 + Level 2.4 Armour
 - Level 1.1 Dodging


You had 2 spell levels left.
You didn't know any spells.
Your spell library was empty.

Inventory:

Hand Weapons
 f - a +0 whip
 Y - a +0 hand axe of chaos (weapon)
Armour
 b - a +0 pair of boots
 d - a +0 plate armour (worn)
 h - a +0 cloak (worn)
Potions
 a - a potion of haste {unknown}
 g - a potion of curing
Miscellaneous
 c - a piece from Xom's chessboard (15/15)

Dungeon Overview and Level Annotations

Branches:
Dungeon (2/15)

Altars:


Message History

b - a +0 pair of boots
Found a long sword.
Enter note: An orc priest comes into view.
It is wielding a +0 hand axe.
The orc priest shouts!
You hear a shout! x2
An orc comes into view. It is wielding a +0 club.
You hear a shout!
1605 ||| Stepping ~*~*~tactically~*~*~ (hiding).
You start waiting.
An orc priest is nearby!
An orc comes into view. It is wielding a +0 flail.
The orc shouts!
The orc priest hits you but does no damage.
You closely miss the orc priest. Your punch misses the orc priest.
The orc priest hits you with a +0 hand axe.
You barely miss the orc priest.
The orc priest casts a cantrip, but nothing happens.
You barely miss the orc.
The orc priest looks satisfied for a moment.
You closely miss the orc. The orc barely misses you.
The orc priest mumbles some strange prayers to Beogh against you.
Pain shoots through your body!
You barely miss the orc. The orc barely misses you.
The orc priest casts a cantrip, but nothing happens.
You closely miss the orc. The orc hits you with a +0 flail!
The orc priest calls down the wrath of Beogh upon you.
Pain shoots through your body!
You hit the orc.
The orc is poisoned.
The orc is severely wounded.
The orc completely misses you.
You slash the orc!
You kill the orc!
You hit the orc priest. You freeze the orc priest.
The orc priest mumbles some strange prayers to Beogh against you.
Beogh smites you!
You die...
Xom guffaws!

#....... #.##.#..
#.##.#.. #.##....
#.####..
######.......
######........##..
#......#####..##.#
#@###### #..##..
#....oo)# #..#
#.####### #...
..... .....#
..#..# ....#


You could see an orc priest and an orc.

Vanquished Creatures
  2 adders (D:2)
  An orc (D:2)
  7 ball pythons (D:1)
  4 endoplasms
  3 giant cockroaches (D:1)
  A goblin (D:1)
  2 hobgoblins
  2 kobolds (D:1)
  2 quokkas (D:1)
  2 bats (D:1)
  A frilled lizard (D:1)
  3 rats (D:1)
30 creatures vanquished.

Notes
Turn   | Place    | Note
-------+----------+-------------------------------------------
     0 | D:1      | qw the Barachi Chaos Knight began the quest for the Orb.
     0 | D:1      | Reached XP level 1. HP: 18/18 MP: 1/1
     0 | D:1      | 0 ||| qw: Version: 0.1-a-103-gd6f5d3a
     0 | D:1      | 0 ||| qw: Game counter: 5677
     0 | D:1      | 0 ||| qw: Always use a shield: true
     0 | D:1      | 0 ||| qw: God list: Okawaru
     0 | D:1      | 0 ||| qw: Allow faded altars: false
     0 | D:1      | 0 ||| qw: Do Orc after D:15 true
     0 | D:1      | 0 ||| qw: Do second Lair branch before Depths: true
     0 | D:1      | 0 ||| qw: Lair rune preference: random
     0 | D:1      | 0 ||| qw: Plans: Normal
     0 | D:1      | 0 ||| PLANNING D:1-11
     0 | D:1      | Fell from the grace of Xom
   182 | D:1      | Reached XP level 2. HP: 24/24 MP: 2/2
   221 | D:1      | Reached skill level 4 in Axes
   662 | D:1      | XOM: god gift: staff of earth
   949 | D:1      | 949 ||| Stepping ~*~*~tactically~*~*~ (stealth).
   960 | D:1      | Reached XP level 3. HP: 23/29 MP: 3/3
  1120 | D:1      | 1120 ||| UPGRADING to +0 plate armour.
  1130 | D:1      | 1130 ||| DROPPING +2 leather armour.
  1131 | D:1      | 1131 ||| READING scroll labelled ZOIMMA ELILOBOA.
  1132 | D:1      | 1132 ||| READING scroll labelled JOKAUM ORUSAWN.
  1133 | D:1      | 1133 ||| READING scroll labelled AZAPHAIWEI.
  1134 | D:1      | 1134 ||| DRINKING 2 inky potions.
  1249 | D:2      | Found a faded altar of an unknown god.
  1313 | D:2      | Reached skill level 5 in Axes
  1313 | D:2      | 1313 ||| STAIRDANCE
  1496 | D:1      | 1496 ||| UPGRADING to +0 cloak.
  1501 | D:1      | 1501 ||| READING scroll labelled GOPOMI AXTIS.
  1502 | D:1      | 1502 ||| READING scroll labelled QUHUIVV WUMI.
  1605 | D:2      | 1605 ||| Stepping ~*~*~tactically~*~*~ (hiding).
  1615 | D:2      | HP: 1/29 [orc priest/nerve-wracking pain (8)]
  1617 | D:2      | Killed from afar by an orc priest

Levels and vault maps discovered:
D:1:      dpeg_arrival_castle, layout_loops_ring, serial_glass, glass_columns_a,
          glass_columns_a, due_unseen_surprise, feat_on_display
D:2:      layout_loops_cross, basic_ecumenical_altar

Skill      XL: |  1  2  3 |
---------------+----------+-----
Axes           | 4 5 |  5.0
Fighting       | |  3.6
Armour         | |  2.4
Dodging        | |  1.1

Action                   || total
-------------------------++-------
Melee: Hand axe          ||   129
       Punch             ||     3
Invok: Renounce Religion ||     1
  Use: Scroll            ||     5
       Potion            ||     1
Armor: Leather armour    ||    19
       Plate armour      ||    22
Dodge: Dodged            ||    60

Table legend:
 A = Non-vault XP
 B = Vault XP
 C = Vault XP percentage of total XP
 D = Non-vault monster count
 E = Vault monster count
 F = Vault count percentage of total count
                 A         B        C        D         E       F
            +---------+---------+-------+---------+---------+-------
      Total |      73 |       0 |   0.0 |      30 |       0 |   0.0
            +---------+---------+-------+---------+---------+-------
        D:1 |      39 |       0 |   0.0 |      25 |       0 |   0.0
        D:2 |      34 |       0 |   0.0 |       5 |       0 |   0.0
            +---------+---------+-------+---------+---------+-------
